 Dungeon Crawl Stone Soup version 0.20-a0-1000-g0e8f6bb (webtiles) character file.

210 JeffiDaFish the Firebug (level 5, -2/39 HPs)
             Began as a Draconian Fire Elementalist on Apr 12, 2017.
             Slain by Grinder (8 damage)
             ... on level 3 of the Dungeon.
             The game lasted 00:10:50 (2838 turns).

JeffiDaFish the Firebug (DrFE)                      Turns: 2838, Time: 00:10:50

Health: -2/39      AC:  6    Str: 15    XL:     5   Next: 56%
Magic:  1/9        EV: 12    Int: 16    God:
Gold:   114        SH:  0    Dex: 12    Spells: 3/10 levels left

rFire    . . .     SeeInvis .   j - +0 mace
rCold    . . .     Gourm    +   (no shield)
rNeg     . . .     Faith    .   (armour unavailable)
rPois    .         Spirit   .   (helmet restricted)
rElec    .         Reflect  .   (no cloak)
rCorr    .         Harm     .   (no gloves)
MR       .....                  e - +0 pair of boots
Stlth    ++........             d - amulet of the gourmand
Regen    0.2/turn               (no ring)
MPRegen  0.2/turn               (no ring)

@: mighty
A: unfitting armour, cold-blooded, AC +5
a: no special abilities


You were on level 3 of the Dungeon.
You were completely stuffed.

You visited 1 branch of the dungeon, and saw 3 of its levels.

You collected 114 gold pieces.

Inventory:

Hand Weapons
 j - a +0 mace (weapon)
Armour
 e - a +0 pair of boots (worn)
Jewellery
 d - an amulet of the gourmand (around neck)
Scrolls
 g - a scroll of identify
 i - a scroll of magic mapping
Potions
 c - a potion of brilliance
 h - a potion of might
Books
 a - a book of Flames

   Spells                             Type                      Level
   a - Flame Tongue                   Conjuration/Fire             1
   b - Throw Flame                    Conjuration/Fire             2
   c - Conjure Flame                  Conjuration/Fire             3
   d - Inner Flame                    Hexes/Fire                   3
   e - Sticky Flame                   Conjuration/Fire             4
   f - Fireball                       Conjuration/Fire             5
Comestibles
 b - 3 bread rations
 f - 3 royal jellies
 k - 2 chunks of flesh


   Skills:
 + Level 0.9 Fighting
   Level 1.5 Short Blades
 + Level 0.4 Maces & Flails
 + Level 2.2 Dodging
 - Level 2.4 Stealth
 * Level 3.1 Spellcasting
 * Level 2.1 Conjurations
 * Level 4.0 Fire Magic


You had 3 spell levels left.
You knew the following spells:

 Your Spells              Type           Power        Failure   Level  Hunger
a - Flame Tongue          Conj/Fire      ##...        8%          1    None
b - Throw Flame           Conj/Fire      ##....       10%         2    ##.....
c - Sticky Flame          Conj/Fire      ##......     63%         4    ####...


Dungeon Overview and Level Annotations

Branches:
Dungeon (3/15)

Altars:
Cheibriados
Fedhas
Uskayaw
Yredelemnul

Annotations:
D:2 exclusion: oklob plant
D:3 Grinder


Innate Abilities, Weirdness & Mutations

Your plain brown scales are hard. (AC +5)
You cannot fit into any form of body armour.
You are cold-blooded and may be slowed by cold attacks.


Message History

Grinder is heavily wounded.
Grinder hits you but does no damage.
You hit Grinder but do no damage.
Grinder is heavily wounded.
Grinder closely misses you.
You hit Grinder but do no damage. You tail-slap Grinder.
Grinder is heavily wounded.
Grinder barely misses you. Grinder hits you!
* * * LOW HITPOINT WARNING * * *
Casting: Flame Tongue
Confirm with . or Enter, or press ? or * to list all spells.
Aiming: Flame Tongue
Press: ? - help, Shift-Dir - straight line, f/p - Grinder
Aim: Grinder (heavily wounded)
The flame tongue hits Grinder.
Grinder is heavily wounded.
Grinder barely misses you.
You feel very mighty all of a sudden. Grinder hits you!
You die...

#.##..#.##...###.......
##.##......._...........
#.5.....###...##.#......
#.###...# ##.###.#......
###..####.#
#.###.####### #...#.#
#.####.....# #..#..#
#......##### #.#..##
#5#.....# ## .##
#@#.....# #. #.#.....#
.5 #.......# #.
###.....# ## #.._..#
#.....# ... ##.


You could see Grinder.

Vanquished Creatures
  An ogre (D:1)
  Terence (D:2)
  2 adders (D:3)
  4 dart slugs
  2 leopard geckos (D:1)
  7 giant cockroaches
  8 goblins
  8 hobgoblins
  9 jackals (D:1)
  9 bats
  2 frilled lizards
  9 kobolds
  5 rats (D:1)
67 creatures vanquished.

Notes
Turn   | Place    | Note
-------+----------+-------------------------------------------
     0 | D:1      | JeffiDaFish the Draconian Fire Elementalist began the quest for the Orb.
     0 | D:1      | Reached XP level 1. HP: 14/14 MP: 3/3
   272 | D:1      | Reached XP level 2. HP: 12/20 MP: 3/5
   515 | D:1      | Learned a level 2 spell: Throw Flame
   653 | D:1      | Reached XP level 3. HP: 20/26 MP: 2/6
  1341 | D:1      | Noticed an ogre
  1384 | D:1      | Killed an ogre
  1384 | D:1      | Reached skill level 1 in Short Blades
  1384 | D:1      | Reached XP level 4. HP: 5/34 MP: 0/8
  1384 | D:1      | Reached XP level 5. HP: 5/39 MP: 0/9
  1836 | D:2      | Noticed Terence
  1843 | D:2      | Killed Terence
  1843 | D:2      | Reached skill level 4 in Fire Magic
  1909 | D:2      | Learned a level 4 spell: Sticky Flame
  1921 | D:2      | Found a blossoming altar of Fedhas.
  1941 | D:2      | Noticed an oklob plant
  2339 | D:2      | Found a basalt altar of Yredelemnul.
  2783 | D:3      | Found a snail-covered altar of Cheibriados.
  2792 | D:3      | Found a hide-covered altar of Uskayaw.
  2815 | D:3      | Noticed Grinder
  2838 | D:3      | Slain by Grinder

Vault maps used:
D:1:      dpeg_arrival_subterranean_lakeside_camping, hangedman_feature_mirror,
          minmay_misc_feat_iff
D:2:      tgw_fedhas, nicolae_overflow_hidden_temple, minmay_tromino_v4_b,
          uniq_terence
D:3:      overflow_temple_1_default, nicolae_overflow_crystal_walls,
          overflow_temple_1_default, marbit_many_paths, due_unseen_surprise,
          uniq_grinder

Skill      XL: |  1  2  3  4  5 |
---------------+----------------+-----
Dodging        | 2 |  2.2
Stealth        | 2 |  2.4
Short Blades   | 1 |  1.5
Conjurations   | 2 |  2.1
Fire Magic     | 4 |  4.0
Spellcasting   | 3 |  3.1
Fighting       | |  0.9
Maces & Flails | |  0.4

Action                   |  1- 3 |  4- 6 || total
-------------------------+-------+-------++-------
Melee: Dagger            |    94 |       ||    94
       Unarmed           |     7 |       ||     7
       Tailslap          |     9 |     4 ||    13
       Short sword       |    24 |    18 ||    42
       Mace              |       |    31 ||    31
 Cast: Flame Tongue      |    21 |    14 ||    35
       Throw Flame       |    18 |    16 ||    34
  Use: Scroll            |     3 |     2 ||     5
       Potion            |     1 |     4 ||     5
 Stab: Sleeping          |     3 |     1 ||     4
  Eat: Chunk             |     3 |    18 ||    21
Armor: Skin              |    37 |    22 ||    59
Dodge: Dodged            |    93 |    36 ||   129
